 Dungeon Crawl Stone Soup version 0.31-a0-881-ge136f0c (webtiles) character file.

Game seed: 12314201344439714036

243505 Meow the Devastator (level 20, -12/208 HPs)
             Began as a Naga Conjurer on Oct 15, 2023.
             Was an Initiate of Gozag.
             Mangled by a spark wasp (13 damage)
             ... on level 4 of the Depths.
             The game lasted 02:46:01 (52388 turns).

Meow the Devastator (Naga Conjurer)                Turns: 52388, Time: 02:46:01

Health: -12/208    AC: 23    Str: 11    XL:     20   Next: 23%
Magic:  18/51      EV: 12    Int: 26    God:    Gozag
Gold:   4616       SH:  5    Dex: 12    Spells: 26/56 levels left

rFire   + + .        a - +18 lance "Wyrmbane" {slay drac, rPois rF+ rC+ AC+3}
rCold   + + .        F - +2 buckler {AC+3}
rNeg    . . .        V - +1 robe {rC+ rF+}
rPois   +            p - +0 helmet of Ujew {Dex+2}
rElec   .            O - +0 cloak
rCorr   .            q - +2 pair of gloves
SInv    +            s - +0 barding
Will    ++...        E - amulet of magic regeneration
Stlth   ++++         h - +5 ring of evasion
HPRegen 0.54/turn    L - ring of magical power
MPRegen 0.72/turn

%: no passive effects
@: gold aura, slightly contaminated, very slow
A: AC +6, large, see invisible, deformed body, poison resistance, slowness 2,
spit poison 1, naga tail 2, mutation resistance 1, no potion heal 1, sturdy
frame 1
a: Spit Poison, Renounce Religion, Potion Petition, Call Merchant, Bribe Branch


You were on level 4 of the Depths.
You worshipped Gozag.
Gozag was most pleased with you.
You visited 6 branches of the dungeon, and saw 30 of its levels.
You also visited: Bailey and Gauntlet.

You collected 13572 gold pieces.
You spent 429 gold pieces at shops.
You paid 8527 gold pieces to Gozag.

Inventory:

Hand Weapons
 a - the +18 lance "Wyrmbane" (weapon) {slay drac, rPois rF+ rC+ AC+3}
   (You took it off Maggie on level 8 of the Dungeon)

   AC+3:      It affects your AC (+3).
   rF+:       It protects you from fire.
   rC+:       It protects you from cold.
   rPois:     It protects you from poison
Missiles
 z - 3 throwing nets
Armour
 p - the +0 helmet of Ujew (worn) {Dex+2}
   (You bought it in a shop on level 2 of the Orcish Mines)

   Dex+2:     It affects your dexterity (+2).
 q - a +2 pair of gloves (worn)
 s - a +0 barding (worn)
 F - a +2 buckler of protection (worn)
 O - a +0 cloak (worn)
 V - a +1 robe of resistance (worn)
Jewellery
 c - a ring of flight
 h - a +5 ring of evasion (left hand)
 E - an amulet of magic regeneration (around neck)
 L - a ring of magical power (right hand)
Wands
 G - a wand of flame (38)
 J - a wand of roots (7)
 M - a wand of mindburst (16)
 Z - a wand of acid (3)
Scrolls
 i - 6 scrolls of amnesia
 k - 7 scrolls of poison
 l - 3 scrolls of enchant weapon
 u - 4 scrolls of fog
 x - a scroll of teleportation
 y - 4 scrolls of enchant armour
 C - 2 scrolls of immolation
 D - 2 scrolls of brand weapon
 Y - 2 scrolls of revelation
Potions
 b - 2 potions of magic
 d - 6 potions of mutation
 e - 12 potions of curing
 g - 2 potions of haste
 j - 3 potions of ambrosia
 n - 3 potions of resistance {unknown}
 r - 9 potions of might
 t - 6 potions of enlightenment
 w - 7 potions of attraction
 H - 4 potions of brilliance
 K - 3 potions of invisibility {unknown}
 N - 9 potions of heal wounds
 P - 5 potions of cancellation
 W - 2 potions of berserk rage {unknown}
Miscellaneous
 S - a lightning rod (4/4)


   Skills:
 + Level 19.0 Fighting
 - Level 12.0 Polearms
 - Level 1.5 Dodging
 - Level 8.0 Stealth
 + Level 18.8 Spellcasting
 - Level 20.0 Conjurations
 - Level 1.0 Earth Magic


You had 26 spell levels left.
You knew the following spells:

 Your Spells              Type           Power      Damage    Failure   Level
a - Magic Dart            Conj           100%       1d8       0%          1
b - Searing Ray           Conj           100%       2d8       0%          2
f - Fulminant Prism       Conj/Hex       33%        3d15      1%          4
g - Orb of Destruction    Conj           45%        9d12      1%          7
B - Iskenderun's Mystic   Conj/Tloc      66%        2d14      1%          4
E - Blink                 Tloc           48%        N/A       4%          2
F - Freezing Cloud        Conj/Ice/Air   28%        6-21      4%          5
T - Irradiate             Conj/Tmut      33%        3d22      1%          5

Your spell library contained the following spells:

 Spells                   Type           Power      Damage    Failure   Level
 Static Discharge         Conj/Air       100%       2-7/arc   1%          2
 Dazzling Flash           Conj/Hex       100%       N/A       1%          3
 Hailstorm                Conj/Ice       66%        3d14      1%          3
 Brom's Barrelling Bould  Conj/Erth      68%        2d8       1%          4
 Apportation              Tloc           48%        N/A       2%          1
 Necrotise                Necr           96%        1d8       2%          1
 Sting                    Tmut/Pois      96%        1d7       2%          1
 Summon Small Mammal      Summ           96%        N/A       2%          1
 Passwall                 Tmut/Erth      22%        N/A       3%          2
 Cigotuvi's Dreadful Rot  Necr/Pois/Air  48%        N/A       4%          2
 Ensorcelled Hibernation  Hex/Ice        48%        N/A       4%          2
 Jinxbite                 Hex            48%        N/A       4%          2
 Sublimation of Blood     Necr           24%        N/A       4%          2
 Call Canine Familiar     Summ           24%        N/A       9%          3
 Frozen Ramparts          Ice            48%        1d8       9%          3
 Ignite Poison            Fire/Tmut/Pois 24%        N/A       9%          3
 Inner Flame              Hex/Fire       24%        N/A       9%          3
 Sigil of Binding         Hex            24%        N/A       9%          3
 Summon Guardian Golem    Hex/Summ       24%        N/A       9%          3
 Swiftness                Air            24%        N/A       9%          3
 Tukima's Dance           Hex            24%        N/A       9%          3
 Volatile Blastmotes      Fire/Tloc      48%        2d14      9%          3
 Leda's Liquefaction      Hex/Erth       13%        N/A       22%         4
 Petrify                  Tmut/Erth      27%        N/A       22%         4
 Airstrike                Air            12%        2d(2-18)  26%         4
 Anguish                  Hex/Necr       12%        N/A       26%         4
 Dimensional Bullseye     Hex/Tloc       12%        N/A       26%         4
 Manifold Assault         Tloc           24%        N/A       26%         4
 Olgreb's Toxic Radiance  Pois           24%        N/A       26%         4
 Passage of Golubria      Tloc           24%        N/A       26%         4
 Summon Ice Beast         Ice/Summ       24%        N/A       26%         4
 Summon Lightning Spire   Summ/Air       24%        N/A       26%         4
 Spellforged Servitor     Conj/Summ      33%        N/A       36%         7
 Borgnjor's Vile Clutch   Necr/Erth      13%        N/A       52%         5
 Alistair's Intoxication  Tmut/Pois      16%        N/A       58%         5
 Metabolic Englaciation   Hex/Ice        12%        N/A       58%         5
 Silence                  Hex/Air        12%        N/A       58%         5
 Summon Forest            Summ/Tloc      12%        N/A       58%         5
 Summon Mana Viper        Hex/Summ       24%        N/A       58%         5
 Yara's Violent Unravell  Hex/Tmut       12%        3d7       58%         5
 Lehudib's Crystal Spear  Conj/Erth      34%        10d9      94%         8
 Eringya's Noxious Bog    Tmut/Pois      12%        4d6       99%         6
 Summon Cactus Giant      Summ           12%        N/A       99%         6
 Enfeeble                 Hex            12%        N/A       100%        7
 Discord                  Hex            12%        N/A       100%        8
 Disjunction              Tloc           12%        N/A       100%        8
 Ignition                 Fire           12%        3d6       100%        8
 Simulacrum               Ice/Necr       Unusable   N/A       N/A         6

Dungeon Overview and Level Annotations

Branches:
Dungeon (15/15)            Temple (1/1) D:6            Lair (5/5) D:11
 Shoals (0/4) Lair:3       Spider (0/4) Lair:3        Slime (0/5) Lair:4
    Orc (2/2) D:12            Elf (3/3) Orc:2        Vaults (0/5) D:14
 Depths (4/4) D:15         Bailey (visited)         Gauntlet (visited)
    Zot: Depths:4

Altars:
Ashenzari
Cheibriados
Dithmenos
Elyvilon
Fedhas
Gozag
Hepliaklqana
Kikubaaqudgha
Makhleb
Nemelex Xobeh
Okawaru
Qazlal
Ru
Sif Muna
Trog
Vehumet
Wu Jian
Xom
Yredelemnul
Zin
The Shining One
Jiyva

Shops:
D:2 =   D:10 *   D:13 [   Orc:2 *(!:[   Elf:2 *   Lair:1 *:[[[[[[   Depths:3 (

Portals:
Hell: Depths:1 Depths:2 Depths:3 Depths:4
Abyss: Depths:2 Depths:3
Pandemonium: Depths:2

Annotations:
D:9 Harold
D:14 3 runed translucent doors, Wyaw's ghost, journeyman AtNe
Orc:2 1 runed translucent door
Elf:3 2 runed translucent doors, lyrin's ghost, adept BaAr
Depths:2 1 runed translucent door, Ymenux's ghost, veteran MiCA


Innate Abilities, Weirdness & Mutations

Your serpentine skin is tough. (AC +6)
You have supernaturally acute eyesight. (SInv)
Armour fits poorly on your strangely shaped body.
Your system is resistant to poisons. (rPois)
You cover ground very slowly.
You can spit poison.
You can use your snake-like lower body to constrict enemies.
You are somewhat resistant to further mutation.
Potions are less effective at restoring your health.
Your movements are slightly less encumbered by armour. (ER -2)


Message History

Unknown command.
Casting: Iskenderun's Mystic Blast (safe; 1% risk of failure)
Confirm with . or Enter, or press ? or * to list all spells.
Aiming: Orb of Destruction (mildly dangerous; 1% risk of failure)
Press: ? - help, Shift-Dir - straight line, f - spark wasp
Aim: a spark wasp (lightly wounded)
You hear a screech!
The wavering orb of destruction hits the spark wasp!!
The spark wasp is heavily wounded.
Unknown command.
Casting: Orb of Destruction (mildly dangerous; 1% risk of failure)
Confirm with . or Enter, or press ? or * to list all spells.
Aiming: Orb of Destruction (mildly dangerous; 1% risk of failure)
Press: ? - help, Shift-Dir - straight line, f/p - spark wasp
Aim: a spark wasp (heavily wounded)
The spark wasp stings you! The spark wasp shocks you!
The spark wasp stings you!
* * * LOW HITPOINT WARNING * * *
The spark wasp shocks you!
* * * LOW HITPOINT WARNING * * *
The spark wasp stings you!
* * * LOW HITPOINT WARNING * * *
The spark wasp shocks you!
* * * LOW HITPOINT WARNING * * *
The wavering orb of destruction hits the spark wasp!!
The spark wasp is almost dead.
Casting: Orb of Destruction (mildly dangerous; 1% risk of failure)
Confirm with . or Enter, or press ? or * to list all spells.
You erupt in a fountain of uncontrolled magic!
The spark wasp is blasted with magical radiation!!!
The spark wasp is heavily wounded.
The spark wasp is blasted with magical radiation.
The spark wasp is almost dead.
The spark wasp twists and deforms.
You are lightly contaminated with residual magic.
The spark wasp barely misses you. The spark wasp stings you!!
* * * LOW HITPOINT WARNING * * *
The spark wasp shocks you!
You die...
Your body crumbles into a pile of gold.

#.# #.###########. # #.#
#.# #.
####.##.###.###########.
.........................<
.####.##.###.#.##.######.
#.. #.# #.#.##.#......
##.######'###.#.##.#.#....
#........○y##.#.##.#.#.###
#........@.##.#..#.#.#.#<#
#........y.'...#.#.#.#.#[#
#..........#####.#.#.#.#[)
#..........# #..........)
#..........# #.#......##.
#...######## #.#..#.####.
#.).# #d####......
#..°#+## .. ######.
##.#°°.# #. #.


You could see 2 spark wasps.

Vanquished Creatures
  Sojobo (Depths:2)
  4 golden dragons
  2 caustic shrikes (Depths:3)
  2 tentacled monstrosities
  A walking earthen tome (Depths:3)
  3 deep elf blademasters
  Rupert (D:14)
  A lich (Depths:2)
  A titan (Depths:3)
  2 deep elf master archers (Elf:3)
  A quicksilver dragon (Depths:3)
  2 walking frostbound tomes (Depths:3)
  A sphinx (Depths:3)
  Gastronok (Lair:2)
  3 tengu reavers
  A shadow dragon (Depths:4)
  A draconian knight (Depths:4)
  4 frost giants
  6 fire giants
  5 deep elf elementalists (Elf:3)
  A balrug (Depths:2)
  A deep elf sorcerer (Elf:3)
  An orc warlord (Orc:2)
  A draconian shifter (Depths:4)
  A cacodemon (Gauntlet)
  A juggernaut zombie (Depths:3)
  2 caustic shrike zombies (Depths:3)
  A spriggan defender (Depths:3)
  3 stone giants
  8 very ugly things
  A lorocyproca (Depths:2)
  An ironbound thunderhulk (D:14)
  Nessos (Lair:5)
  A black draconian (Depths:4)
  10 deep elf demonologists
  2 green draconians (Depths:4)
  2 purple draconians (Depths:4)
  3 vampire knights
  A spark wasp (Depths:4)
  Azrael (D:15)
  7 deep elf annihilators
  A white draconian (Depths:4)
  A minotaur (Gauntlet)
  4 ettins
  Snorg (Orc:2)
  Josephine (D:13)
  4 deep elf death magi (Elf:3)
  6 fire dragons
  A deep elf high priest (Elf:3)
  8 hydras
  A hell beast (Depths:2)
  3 rakshasas
  Erolcha (Orc:2)
  6 ice dragons
  2 vault guards (D:14)
  Erica (D:12)
  A spriggan zombie (Depths:3)
  A catoblepas (Lair:5)
  4 centaur warriors
  3 boulder beetles
  6 spriggan air magi
  The ghost of BarneyGumball the Disciple, a journeyman OpEE of Sif Muna (Lair:1)
  An anaconda (shapeshifter) (D:13)
  A two-headed ogre (D:9)
  6 tengu warriors
  26 dancing weapons
  A merfolk aquamancer (D:13)
  10 deep troll shamans
  4 deep troll earth magi
  Urug (D:13)
  A hell hog (Gauntlet)
  A vampire mage (Depths:2)
  A spectral dire elephant (Lair:5)
  A spriggan berserker (Depths:2)
  A sun demon (Depths:2)
  2 titan zombies (Depths:3)
  A soul eater (Depths:2)
  An orc high priest (Orc:2)
  2 hell knights
  2 storm dragon zombies (Depths:3)
  Nergalle (D:11)
  A sixfirhy (Depths:2)
  19 deep elf knights
  A skyshark (Lair:4)
  10 iron trolls
  A spectral death yak (Lair:5)
  A quicksilver dragon simulacrum (Depths:2)
  13 deep trolls
  A golden dragon zombie (Depths:3)
  8 deep elf archers
  5 spark wasp zombies (Depths:3)
  3 tengu zombies (Depths:3)
  A glowing orange brain (D:15)
  29 deep elf pyromancers
  A wizard (Depths:1)
  7 orc knights
  28 deep elf zephyrmancers
  A harpy (shapeshifter) (Elf:3)
  3 frost giant zombies (Depths:3)
  An oklob plant (D:11)
  27 ugly things
  2 manticores
  7 cyclopes
  3 fire giant zombies (Depths:3)
  3 orc sorcerers
  4 black mambas
  2 water nymphs (D:13)
  An elephant (Lair:5)
  A molten gargoyle (Depths:3)
  2 rust devils
  Joseph (D:8)
  A smoke demon (Depths:2)
  A torpor snail (Lair:1)
  2 gargoyles
  A guardian serpent (shapeshifter) (Elf:3)
  An unseen horror (D:9)
  8 cane toads
  5 kobold demonologists
  An orange demon (Depths:2)
  An efreet (D:13)
  5 yaktaurs (D:15)
  Maggie (D:8)
  3 rime drakes
  8 komodo dragons
  An ice devil (Depths:2)
  2 trolls
  A red devil (Depths:2)
  A meliai (shapeshifter) (Depths:3)
  2 polar bears
  Prince Ribbit (D:8)
  2 hellwings (Depths:2)
  3 hornets
  32 blink frogs
  A blink frog (shapeshifter) (Depths:2)
  11 slime creatures
  10 dream sheep
  2 centaur simulacra
  A vampire (D:13)
  Sigmund (D:2)
  3 air elementals (Elf:3)
  A spriggan (Depths:3)
  A ynoxinul (Gauntlet)
  2 water elementals (D:14)
  3 wyverns
  A yak (shapeshifter) (Elf:1)
  A dire elephant simulacrum (Lair:5)
  6 wraiths
  A wyvern (shapeshifter) (Elf:3)
  3 fire elementals
  3 humans (D:14)
  4 fire bats (Gauntlet)
  30 yaks
  2 basilisks
  3 redbacks (Lair:3)
  11 vampire mosquitoes
  3 neqoxecs (Gauntlet)
  2 wargs (Orc:2)
  A naga (shapeshifter) (D:13)
  3 glowing shapeshifter zombies (Depths:3)
  8 hell hounds
  16 water moccasins
  2 floating eyes
  Duvessa (D:6)
  A sky beast (D:3)
  38 orc warriors
  A black bear (shapeshifter) (D:15)
  9 ogres
  5 wolves
  11 centaurs
  A phantom (D:5)
  3 kobold brigands
  7 bullfrogs
  3 earth elementals
  3 wights (D:10)
  Dowan (D:6)
  14 killer bees
  7 electric eels
  4 howler monkeys
  3 jellies
  31 orc priests
  2 gnoll boudas
  2 hounds
  4 iron imps (Gauntlet)
  2 sleepcaps (D:4)
  25 orc wizards
  14 gnolls
  10 adders
  A white imp (D:6)
  4 ufetubi (D:6)
  4 worms
  3 dart slugs
  91 orcs
  12 ball pythons
  3 bats
  6 endoplasms
  4 giant cockroaches (D:1)
  9 goblins
  12 hobgoblins
  3 jackals (D:2)
  2 quokkas (D:1)
  A frilled lizard (D:3)
  20 kobolds
  7 rats
1004 creatures vanquished.

Vanquished Creatures (collateral kills)
  A juggernaut (Depths:2)
  A golden dragon (Depths:2)
  A walking frostbound tome (Depths:2)
  A fire dragon (Depths:2)
  A spriggan berserker (Depths:3)
  A hornet (Depths:3)
  2 spriggans (Depths:3)
8 creatures vanquished.

Vanquished Creatures (others)
  A lich (Depths:2)
  2 electric eels (D:13)
  32 fulminant prisms
35 creatures vanquished.

Grand Total: 1047 creatures vanquished

Notes
Turn   | Place    | Note
-------+----------+-------------------------------------------
     0 | D:1      | Meow the Naga Conjurer began the quest for the Orb.
     0 | D:1      | Reached XP level 1. HP: 15/15 MP: 3/3
   194 | D:1      | Reached XP level 2. HP: 22/22 MP: 3/5
   250 | D:1      | Learned a level 2 spell: Searing Ray
   502 | D:1      | Reached XP level 3. HP: 28/28 MP: 4/6
  1589 | D:2      | Reached XP level 4. HP: 36/36 MP: 4/8
  1594 | D:2      | Learned a level 4 spell: Iskenderun's Mystic Blast
  1852 | D:2      | Found Ywen's Jewellery Shoppe.
  1909 | D:2      | Noticed Sigmund
  2460 | D:3      | Found a burning altar of Makhleb.
  2478 | D:3      | Found a faded altar of an unknown god.
  2579 | D:3      | Noticed a sky beast
  2705 | D:4      | Reached skill level 5 in Stealth
  2754 | D:4      | Reached XP level 5. HP: 42/42 MP: 6/9
  2929 | D:4      | Reached skill level 5 in Conjurations
  3195 | D:4      | Reached XP level 6. HP: 44/49 MP: 5/11
  3492 | D:4      | Reached XP level 7. HP: 55/55 MP: 4/13
  3833 | D:4      | You fall into a shaft and drop 2 floors!
  3833 | D:6      | Found a staircase to the Ecumenical Temple.
  3852 | D:6      | Noticed Dowan
  3877 | D:6      | Noticed Duvessa
  3891 | D:6      | Killed Duvessa
  3898 | D:6      | Killed Dowan
  3899 | D:6      | Reached skill level 6 in Conjurations
  3942 | Temple   | Entered the Ecumenical Temple
  3951 | Temple   | Became a worshipper of Gozag Ym Sagoz the Greedy
  4242 | D:6      | Reached skill level 5 in Spellcasting
  4322 | D:6      | Reached XP level 8. HP: 62/62 MP: 9/15
  4452 | D:6      | Reached skill level 7 in Conjurations
  4452 | D:6      | Reached skill level 1 in Fighting
  5154 | D:6      | Identified a scroll of acquirement
  5168 | D:5      | Entered Level 5 of the Dungeon
  6653 | D:2      | Killed Sigmund
  7124 | D:7      | Noticed a wyvern
  7130 | D:7      | Killed a wyvern
  7161 | D:7      | Noticed a cyclops
  7229 | D:8      | Noticed a troll
  7231 | D:8      | Noticed Joseph
  7385 | D:7      | Learned a level 5 spell: Irradiate
  7428 | D:7      | Reached XP level 9. HP: 74/79 MP: 8/17
  7508 | D:7      | Found the +5 woodcutter's axe
  7965 | D:8      | Killed a troll
  7966 | D:8      | Reached skill level 5 in Fighting
  8099 | D:8      | Reached skill level 8 in Conjurations
  8436 | D:9      | Noticed an unseen horror
  8447 | D:9      | Killed an unseen horror
  8501 | D:9      | Found a shimmering altar of Xom.
  8738 | D:9      | Found a flagged portal.
  8741 | D:9      | Noticed a boulder beetle
  8745 | Bailey   | Entered a bailey
  8751 | Bailey   | Learned a level 4 spell: Fulminant Prism
  8898 | Bailey   | Found a large runed translucent door.
  8898 | Bailey   | Found a large runed translucent door.
  8899 | Bailey   | Noticed a deep elf pyromancer
  8922 | Bailey   | Reached XP level 10. HP: 83/94 MP: 13/20
  9022 | Bailey   | Noticed an orc knight
  9032 | Bailey   | Killed an orc knight
  9033 | Bailey   | Reached skill level 9 in Conjurations
  9229 | Bailey   | Killed a deep elf pyromancer
  9356 | D:9      | Noticed a two-headed ogre
  9364 | D:8      | Noticed Maggie
  9606 | D:9      | Noticed Harold
  9736 | D:8      | Killed Joseph
  9982 | D:8      | Killed Maggie
  9983 | D:8      | Reached skill level 10 in Conjurations
 10063 | D:8      | Noticed Prince Ribbit
 10139 | D:8      | Killed Prince Ribbit
 10413 | D:9      | Killed a two-headed ogre
 10612 | D:10     | Entered Level 10 of the Dungeon
 10644 | D:10     | Reached XP level 11. HP: 103/103 MP: 13/23
 10942 | D:10     | Reached skill level 11 in Conjurations
 11173 | D:10     | Learned a level 7 spell: Orb of Destruction
 11501 | D:10     | Found Gunia's Assorted Antiques.
 11508 | D:10     | Bought a scroll of teleportation for 87 gold pieces
 11793 | D:10     | Found a bloodstained altar of Trog.
 12078 | D:9      | Found a radiant altar of Vehumet.
 12831 | D:11     | Noticed an oklob plant
 12836 | D:11     | Found a staircase to the Lair.
 12849 | D:11     | Killed an oklob plant
 12850 | D:11     | Reached skill level 10 in Spellcasting
 12985 | Lair:1   | Entered Level 1 of the Lair of Beasts
 13002 | Lair:1   | Acquired 1085 gold pieces
 13203 | D:11     | Noticed a boulder beetle
 13226 | D:11     | Killed a boulder beetle
 13227 | D:11     | Reached skill level 12 in Conjurations
 13341 | D:11     | Noticed a cyclops
 13551 | D:11     | Killed a cyclops
 13848 | D:11     | Noticed Nergalle
 13854 | D:11     | Killed Nergalle
 14119 | D:11     | Reached XP level 12. HP: 98/110 MP: 26/26
 14422 | Lair:1   | Reached skill level 13 in Conjurations
 14705 | Lair:1   | Identified the +1 quarterstaff of Bekena {heavy, Fragile
                  | rElec Str+3 Stlth+}
 14804 | Lair:1   | Identified the +6 bardiche of Virtue {protect, rC+ SInv}
 14951 | Lair:1   | Found a runed translucent door.
 14959 | Lair:1   | Noticed BarneyGumball's ghost (journeyman OpEE)
 15104 | Lair:1   | Killed BarneyGumball's ghost
 15414 | Lair:2   | Reached skill level 14 in Conjurations
 15882 | Lair:2   | Noticed Gastronok
 15963 | Lair:3   | Noticed a six-headed hydra
 15984 | Lair:3   | Noticed a five-headed hydra
 16034 | Lair:3   | Found a gate leading to a gauntlet.
 16051 | Gauntlet | Entered a Gauntlet
 16051 | Gauntlet | Found a transporter.
 16051 | Gauntlet | Found a transporter.
 16055 | Gauntlet | Found a transporter.
 16055 | Gauntlet | Found a transporter.
 16062 | Gauntlet | Noticed a death yak
 16069 | Gauntlet | Noticed a death yak
 16069 | Gauntlet | Noticed a death yak
 16071 | Gauntlet | Noticed a hell beast
 16072 | Gauntlet | Noticed a death yak
 16072 | Gauntlet | Noticed a death yak
 16073 | Gauntlet | Found a transporter.
 16073 | Gauntlet | Noticed a death yak
 16082 | Gauntlet | Noticed a death yak
 16083 | Gauntlet | Found a transporter.
 16083 | Gauntlet | Found a transporter.
 16083 | Gauntlet | Noticed a death yak
 16084 | Gauntlet | Noticed a death yak
 16084 | Gauntlet | Noticed a cacodemon
 16086 | Gauntlet | Found a transporter.
 16088 | Gauntlet | Noticed a death yak
 16091 | Gauntlet | Noticed a death yak
 16092 | Gauntlet | Noticed a death yak
 16111 | Gauntlet | Found a transporter.
 16118 | Gauntlet | Found a transporter.
 16136 | Gauntlet | Found a transporter.
 16166 | Gauntlet | Found a transporter.
 16176 | Gauntlet | Found a transporter.
 16190 | Gauntlet | Noticed a hell hog
 16194 | Gauntlet | Found the brooch of Shielding {Spirit SH+8}
 16196 | Gauntlet | Found a transporter.
 16291 | Gauntlet | Found a transporter.
 16294 | Gauntlet | Noticed a dire elephant
 16313 | Gauntlet | Found a transporter.
 16405 | Gauntlet | Gained mutation: You can use your snake-like lower body to
                  | constrict enemies. [Naga growth]
 16405 | Gauntlet | Reached XP level 13. HP: 105/117 MP: 25/29
 16653 | Gauntlet | Gained mutation: Your movements are slightly less
                  | encumbered by armour. (ER -2) [a cacodemon]
 16659 | Gauntlet | Gained mutation: You are occasionally teleported next to
                  | monsters. [a neqoxec]
 16667 | Gauntlet | Gained mutation: You sometimes lose your temper in combat.
                  | [a neqoxec]
 16672 | Gauntlet | Killed a cacodemon
 16676 | Gauntlet | Gained mutation: You occasionally lose the ability to drink
                  | potions when taking damage. [a neqoxec]
 16686 | Gauntlet | Lost mutation: You occasionally lose the ability to drink
                  | potions when taking damage. [potion of mutation]
 16686 | Gauntlet | Lost mutation: You sometimes lose your temper in combat.
                  | [potion of mutation]
 16686 | Gauntlet | Lost mutation: You are occasionally teleported next to
                  | monsters. [potion of mutation]
 16686 | Gauntlet | Gained mutation: Potions are less effective at restoring
                  | your health. [potion of mutation]
 16686 | Gauntlet | Gained mutation: You are somewhat resistant to further
                  | mutation. [potion of mutation]
 16695 | Gauntlet | Identified the ring "Uriunuuff" {rF- rC+++ EV+5 Str-2
                  | Int+6}
 16809 | Gauntlet | Identified the +0 scale mail "Bon Ycem" {rPois rF+ rN++}
 16809 | Gauntlet | Noticed a minotaur
 16817 | Gauntlet | Killed a minotaur
 16818 | Gauntlet | Reached skill level 15 in Conjurations
 16942 | Gauntlet | Got a leatherbound book
 16945 | Gauntlet | Identified the +2 ring mail of Xankovvu {Int+2}
 16949 | Gauntlet | Got an engraved book
 17042 | Lair:3   | Learned a level 2 spell: Blink
 17120 | Lair:3   | Found a staircase to the Shoals.
 17425 | Lair:3   | Found a hole to the Spider Nest.
 17489 | Lair:3   | You fall into a shaft and drop 1 floor!
 17960 | Lair:4   | Found a viscous altar of Jiyva.
 17962 | Lair:4   | Found a staircase to the Slime Pits.
 19000 | Lair:3   | Reached skill level 16 in Conjurations
 19506 | Lair:2   | Killed Gastronok
 19507 | Lair:2   | Reached XP level 14. HP: 127/127 MP: 20/32
 20017 | Lair:5   | Entered Level 5 of the Lair of Beasts
 20017 | Lair:5   | Noticed Nessos
 20022 | Lair:5   | Killed Nessos
 20288 | Lair:5   | Reached skill level 10 in Fighting
 20604 | Lair:5   | Identified the +3 chain mail "Naxkip" {Str+2}
 21193 | Lair:5   | Noticed a dire elephant
 21523 | Lair:5   | Noticed a dire elephant
 21523 | Lair:5   | Noticed a dire elephant
 21898 | D:12     | Found a staircase to the Orcish Mines.
 22095 | Orc:1    | Entered Level 1 of the Orcish Mines
 22095 | Orc:1    | Noticed Erica
 22635 | D:12     | Noticed a tengu reaver
 22638 | D:12     | Killed a tengu reaver
 23410 | D:12     | Found an ornate altar of the Wu Jian Council.
 23650 | D:12     | Killed Erica
 24413 | Orc:2    | Entered Level 2 of the Orcish Mines
 25317 | Orc:2    | Found a staircase to the Elven Halls.
 25343 | Orc:2    | Found a burning altar of Makhleb.
 25475 | Orc:2    | Noticed Erolcha
 25477 | Orc:2    | Killed Erolcha
 25637 | Orc:2    | Reached XP level 15. HP: 151/151 MP: 9/33
 26014 | Orc:2    | Noticed Snorg
 26021 | Orc:2    | Killed Snorg
 26308 | Orc:2    | Noticed an orc warlord
 26321 | Orc:2    | Killed an orc warlord
 26716 | Orc:2    | Found Qaodoxas's General Store.
 26730 | Orc:2    | Found Supsuets's Book Emporium.
 26797 | Orc:2    | Found a runed translucent door.
 26857 | Orc:2    | Found Egrisaw's Antique Weapon Emporium.
 26876 | Orc:2    | Found Ukic's Distillery.
 27031 | Orc:2    | Found Caruavy's Antique Armour Emporium.
 27037 | Orc:2    | Bought a buzzing helmet for 342 gold pieces
 27037 | Orc:2    | Identified the +0 helmet of Ujew {Dex+2} (You bought it in
                  | a shop on level 2 of the Orcish Mines)
 27322 | D:13     | Noticed Urug
 27323 | D:13     | Noticed Josephine
 27328 | D:13     | Killed Urug
 28030 | D:13     | Reached skill level 15 in Fighting
 28375 | D:13     | Identified the +1 plate armour of the Ego {*Slow rF+ rCorr
                  | Int+8}
 28417 | D:13     | Killed Josephine
 28683 | D:13     | Found Assipattle's Dragon-Slaying Spoils.
 28840 | D:14     | Noticed a tengu reaver
 29045 | D:14     | Noticed Wyaw's ghost (journeyman AtNe)
 29059 | D:14     | Noticed a tengu reaver
 29060 | D:14     | Found a runed translucent gate.
 29060 | D:14     | Found a runed translucent gate.
 29061 | D:14     | Found a runed translucent gate.
 29144 | D:14     | Noticed Rupert
 29148 | D:14     | Killed Rupert
 30066 | D:14     | Found a gate to the Vaults.
 30263 | D:15     | Entered Level 15 of the Dungeon
 30693 | D:15     | Found a sacrificial altar of Ru.
 31053 | D:15     | Reached skill level 1 in Polearms
 31191 | D:15     | Noticed Azrael
 31204 | D:15     | Killed Azrael
 31503 | D:15     | Reached skill level 15 in Spellcasting
 32082 | D:15     | Reached XP level 16. HP: 53/165 MP: 8/35
 32687 | D:15     | Found a staircase to the Depths.
 32872 | Elf:1    | Entered Level 1 of the Elven Halls
 32978 | Elf:1    | Reached skill level 5 in Polearms
 35892 | Elf:2    | Found Qeetocw's General Store.
 36273 | Elf:2    | Noticed a deep elf blademaster
 36586 | Elf:2    | Found a runed translucent gate.
 36586 | Elf:2    | Found a runed translucent gate.
 36591 | Elf:2    | Found a runed translucent gate.
 37023 | Elf:2    | Reached skill level 10 in Polearms
 37133 | Elf:2    | Reached XP level 17. HP: 172/172 MP: 34/37
 37236 | Elf:2    | Killed a deep elf blademaster
 37948 | Elf:3    | Entered Level 3 of the Elven Halls
 38564 | Elf:3    | Paralysed by an air elemental for 1 turns
 38608 | Elf:3    | Reached skill level 17 in Conjurations
 38614 | Elf:3    | Noticed a Hell Sentinel
 38615 | Elf:3    | Noticed a Hell Sentinel
 38621 | Elf:3    | Noticed a deep elf master archer
 38914 | Elf:3    | Noticed an Executioner
 38917 | Elf:3    | Noticed an Executioner
 39566 | Elf:3    | Noticed a deep elf blademaster
 39569 | Elf:3    | Killed a deep elf blademaster
 39711 | Elf:3    | Identified the +7 dagger of Descent {antimagic, rF+ rCorr
                  | Str-3 Stlth+}
 39730 | Elf:3    | Killed a deep elf master archer
 40006 | Elf:3    | Noticed a Brimstone Fiend
 40066 | Elf:3    | Noticed a deep elf blademaster
 40219 | Elf:3    | Killed a deep elf blademaster
 40720 | Elf:3    | Reached skill level 18 in Conjurations
 41360 | Elf:3    | Got a blackened book
 41367 | Elf:3    | Got a moldy book
 41368 | Elf:3    | Identified the staff of Mandamus {rF++ rC+ Str+5 Ice}
 41376 | Elf:3    | Found the +8 storm bow {elec, penet}
 41570 | Elf:3    | Noticed a deep elf master archer
 41575 | Elf:3    | Killed a deep elf master archer
 41701 | Elf:3    | Found a large runed translucent door.
 41710 | Elf:3    | Found a large runed translucent door.
 41712 | Elf:3    | Noticed lyrin's ghost (adept BaAr)
 41794 | Elf:3    | Learned a level 5 spell: Freezing Cloud
 42139 | Depths:1 | Entered Level 1 of the Depths
 42210 | Depths:1 | Reached XP level 18. HP: 181/181 MP: 32/38
 43653 | Depths:1 | Found a gateway to Hell.
 43731 | Depths:1 | Noticed a lich
 44152 | Depths:2 | Noticed a golden dragon
 44233 | Depths:2 | Noticed a juggernaut
 44233 | Depths:2 | Noticed a golden dragon
 44240 | Depths:2 | Noticed a walking frostbound tome
 44245 | Depths:2 | Killed a golden dragon
 44247 | Depths:2 | Killed a juggernaut
 44254 | Depths:2 | Killed a walking frostbound tome
 44680 | Depths:2 | Noticed a tentacled monstrosity
 44689 | Depths:2 | Killed a tentacled monstrosity
 44696 | Depths:2 | Noticed a lich
 44700 | Depths:2 | Noticed a lich
 44703 | Depths:2 | Killed a lich
 44845 | Depths:2 | Killed a lich
 44973 | Depths:1 | Reached skill level 19 in Conjurations
 45018 | Depths:2 | Killed a golden dragon
 45381 | Depths:2 | Noticed Sojobo
 45390 | Depths:2 | Paralysed by an air elemental for 1 turns
 45392 | Depths:2 | Killed Sojobo
 45628 | Depths:2 | Found a one-way gate leading to the halls of Pandemonium.
 45706 | Depths:2 | Found a runed translucent door.
 45706 | Depths:2 | Noticed a tentacled monstrosity
 45713 | Depths:2 | Noticed Ymenux's ghost (veteran MiCA)
 45725 | Depths:2 | Found a shadowy altar of Dithmenos.
 45749 | Depths:2 | Reached XP level 19. HP: 185/193 MP: 29/40
 45833 | Depths:2 | Found a one-way gate to the infinite horrors of the Abyss.
 47786 | Depths:3 | Found a basalt altar of Yredelemnul.
 48786 | Depths:3 | Found Ocatemuj's Antique Weapon Emporium.
 49216 | Depths:3 | Reached skill level 20 in Conjurations
 49221 | Depths:3 | Reached skill level 1 in Earth Magic
 49459 | Depths:3 | Noticed a caustic shrike
 49464 | Depths:3 | Killed a caustic shrike
 49604 | Depths:3 | Noticed a golden dragon
 49618 | Depths:3 | Killed a golden dragon
 49679 | Depths:3 | Noticed a golden dragon
 49695 | Depths:3 | Killed a golden dragon
 49991 | Depths:3 | Noticed a tentacled monstrosity
 49994 | Depths:3 | Killed a tentacled monstrosity
 50048 | Depths:3 | Noticed a caustic shrike
 50052 | Depths:3 | Killed a caustic shrike
 50114 | Depths:3 | Identified the +1 leather armour "Juhatsell" {SInv}
 50117 | Depths:3 | Identified the +1 chain mail "Foptai" {-Tele MP-9 Int+2
                  | Dex+8}
 50392 | Depths:3 | Acquired 766 gold pieces
 50852 | Depths:4 | Entered Level 4 of the Depths
 50867 | Depths:3 | Reached XP level 20. HP: 111/206 MP: 32/42
 51637 | Depths:4 | Noticed a bone dragon
 52285 | Depths:4 | Noticed a golden dragon
 52310 | Depths:4 | Killed a golden dragon
 52388 | Depths:4 | HP: 1/208 [spark wasp (20)]
 52388 | Depths:4 | Mangled by a spark wasp

Illustrated notes

Levels and vault maps discovered:
D:1:      dpeg_cavernosity, layout_basic
D:2:      layout_loops_corners, serial_shops, shop, reono_crystal_passage,
          uniq_sigmund
D:3:      layout_basic, nicolae_overflow_crystal_walls,
          shapermc_ecumenical_altar_totnotflames, minmay_misc_feat_nine_boxes
D:4:      layout_loops_cross, minmay_misc_feat_secret_circle
D:5:      layout_basic, nicolae_uskayaw_suspiria
D:6:      layout_basic, temple_pool_b, serial_glass, glass_columns_a,
          glass_columns_c, uniq_duvessa
D:7:      layout_loops_cross
D:8:      cheibrodos_quashed, layout_rooms, uniq_maggie, uniq_prince_ribbit1,
          uniq_joseph
D:9:      layout_basic, xom_teletrap_fun, kennysheep_mini, enter_bailey_3,
          nzn_sisyphean_effort, uniq_harold
D:10:     layout_loops_corners, trog_hazing_becter, serial_shops, shop
D:11:     layout_roguey, dpeg_oklobed_lair, nrook_mini_backslash,
          minmay_misc_feat_more_columns, serial_bayou_pond_a, uniq_nergalle
D:12:     minmay_outward_triangles, layout_loops_corners, erik_orc_3,
          pdpol_wu_jian_five_deadly_venoms
D:13:     layout_basic, nicolae_shop_dragon_depot, nicolae_splish_splash,
          uniq_josephine, uniq_urug
D:14:     nicolae_moon_pools, layout_rooms, hellmonk_vaults_keyhole,
          gammafunk_ghost_split, uniq_rupert
D:15:     gammafunk_enter_depths_forms, layout_basic, minmay_misc_feat_hallway,
          minivault_22, nicolae_ru_awakened_eye, uniq_azrael
Temple:   sentei_temple_godly_chess
Lair:1:   layout_chaotic_city, ebering_ghost_reflecting_pool
Lair:2:   layout_chaotic_city, serial_bayou, serial_bayou_ford_a,
          serial_bayou_pond_a, serial_bayou_lagoon_a, serial_bayou_lagoon_b,
          serial_bayou_lake_a, uniq_gastronok
Lair:3:   layout_misc_corridors, elwin_shoals_entry_rocks,
          spider_nest_entry_webs, gauntlet_entry_generic, serial_bayou_shore_a,
          infiniplex_staircase_pool_2
Lair:4:   layout_hall_layers, minmay_slime_entry_pillars
Lair:5:   due_jungle_book, layout_loops_ring, uniq_nessos
Orc:1:    layout_caves, uniq_erica
Orc:2:    grunt_orc_cross, layout_diamond_mine, serial_shops, shop, basic_altar,
          lightli_church_of_beogh, uniq_snorg, uniq_erolcha
Elf:1:    elf_arrival_001, layout_gridlike, hangedman_elf_represent, drop_trap,
          minivault_25
Elf:2:    nicolae_elf_blades_splatter_lattice [nicolae_blade_entry_antechamber],
          layout_geoelf_octagon, serial_shops, shop
Elf:3:    grunt_elf_hall_spiral, layout_geoelf_octagon,
          ebering_ghost_disaster_area
Depths:1: layout_gridville, chequers_serial_rivers_micro_c, hell_entry,
          dk_noncrumbling_3, lightli_corner_chamber, hangedman_decor_cross_pass
Depths:2: minmay_expanding_squares, layout_basic, grunt_mini_vestibule,
          grunt_pan_entry_sceptre, ebering_ghost_inner_flame,
          nicolae_abyss_entry_one_way_or_another,
          nicolae_dithmenos_through_a_glass_darkly, uniq_sojobo
Depths:3: kennysheep_large_spiral, layout_long_grid, hell_entry, abyss_entry,
          serial_shops, shop_fountains, serial_sigils_hangedman_gut,
          nicolae_yredelemnul_corpse_copse
Depths:4: grunt_crosshair, layout_basic, enter_ziggurat_b,
          rand_demon_pan_entry_4, hell_entry, amcnicky_mini_pool_small,
          cheibriados_altar_1, uniq_enchantress

Skill      XL: |  1  2  3  4  5  6  7  8  9 10 11 12 13 14 15 16 17 18 19 20 |
---------------+-------------------------------------------------------------+-----
Stealth        | 4 5 6 7 8 |  8.0
Spellcasting   | 3 4 5 6 8 10 12 14 15 16 17 18 | 18.8
Conjurations   | 5 6 7 8 10 12 14 16 18 19 20 | 20.0
Fighting       | 4 7 8 14 16 17 18 19 | 19.0
Polearms       | 4 10 12 | 12.0
Earth Magic    | 1 |  1.0
Dodging        | |  1.5

Action                     |  1- 3 |  4- 6 |  7- 9 | 10-12 | 13-15 | 16-18 | 19-21 || total
---------------------------+-------+-------+-------+-------+-------+-------+-------++-------
  Melee: Dagger            |       |     4 |       |       |       |       |       ||     4
         Falchion          |       |     1 |     4 |     1 |       |       |       ||     6
         Lance             |       |       |       |    58 |   356 |   231 |   374 ||  1019
         Punch             |       |       |       |     1 |     9 |     1 |       ||    11
         Constrict         |       |       |       |       |    73 |    28 |    32 ||   133
   Cast: Magic Dart        |    50 |    19 |    57 |    54 |     6 |    16 |     7 ||   209
         Searing Ray       |     3 |    21 |    64 |   107 |     8 |       |       ||   203
         Iskenderun's Myst |       |       |     3 |     4 |     1 |     2 |     3 ||    13
         Fulminant Prism   |       |       |       |    32 |       |       |       ||    32
         Irradiate         |       |       |       |    31 |    57 |    51 |    38 ||   177
         Orb of Destructio |       |       |       |     2 |   316 |   350 |   164 ||   832
         Freezing Cloud    |       |       |       |       |       |     3 |     1 ||     4
         Blink             |       |       |       |       |       |       |     1 ||     1
 Invoke: Call Merchant     |       |       |       |     3 |     3 |     1 |     1 ||     8
Ability: Spit Poison       |    29 |    29 |    61 |    63 |    16 |     1 |       ||   199
  Evoke: Wand              |       |       |       |     4 |       |       |     1 ||     5
         Lightning rod     |       |       |       |       |     2 |     3 |       ||     5
    Use: Scroll            |       |       |     5 |    15 |    14 |    11 |     2 ||    47
         Potion            |       |       |       |       |     3 |     1 |     1 ||     5
   Stab: Distracted        |       |       |       |       |     5 |       |     1 ||     6
         Sleeping          |       |       |       |       |       |     1 |     1 ||     2
 Armour: Robe              |     3 |    30 |   118 |     7 |   519 |   414 |   368 ||  1459
         Leather armour    |       |       |       |   329 |    66 |       |       ||   395
  Dodge: Dodged            |     3 |    21 |    35 |   113 |   165 |   146 |   153 ||   636
  Block: Buckler           |       |       |       |       |       |    38 |    78 ||   116

Table legend: (Time is in decaauts)
 A = Elapsed time spent in this place.
 B = Non-inter-level travel time spent in this place.
 C = Inter-level travel time spent in this place.
 D = Time resting spent in this place.
 E = Time spent auto-exploring this place.
 F = Levels seen in this place.
 G = Mean time per level.
                   A        B        C        D        E       F      G
               +--------+--------+--------+--------+--------+-----+--------+
         Total |  62616 |  58225 |   4391 |  20674 |  26671 |  32 | 1956.8 |
       Dungeon |  27447 |  24934 |   2513 |   7624 |  12502 |  15 | 1829.8 |
        Temple |     25 |      3 |     22 |      0 |      0 |   1 |   25.0 |
          Lair |   8335 |   7817 |    518 |   1776 |   4737 |   5 | 1667.0 |
  Orcish Mines |   3961 |   3790 |    171 |   1283 |   1822 |   2 | 1980.5 |
   Elven Halls |  10250 |   9936 |    314 |   5036 |   3423 |   3 | 3416.7 |
        Depths |  10730 |   9880 |    850 |   4434 |   3612 |   4 | 2682.5 |
        Bailey |    672 |    672 |      0 |    208 |    114 |   1 |  672.0 |
      Gauntlet |   1193 |   1193 |      0 |    312 |    460 |   1 | 1193.0 |
               +--------+--------+--------+--------+--------+-----+--------+

Top non-repeatable levels by time:
Depths:3: 4514 daAuts
   Elf:3: 4365 daAuts
    D:15: 3421 daAuts
   Orc:2: 3243 daAuts
    D:12: 3180 daAuts
   Elf:1: 3086 daAuts
   Elf:2: 2798 daAuts
Depths:2: 2781 daAuts
Depths:1: 2690 daAuts
    D:11: 2098 daAuts
     D:6: 2010 daAuts
  Lair:4: 1985 daAuts
    D:13: 1976 daAuts
    D:10: 1941 daAuts
     D:4: 1797 daAuts
